 Dungeon Crawl Stone Soup version 0.28.0-45-g0d030f2227 (webtiles) character file.

Game seed: 7574364642651115059

5440 protoss039 the Protected (level 10, -7/65 HPs)
             Began as a Gargoyle Fighter on Apr 11, 2022.
             Was a Priest of Okawaru.
             Mangled by a catoblepas (17 damage)
             ... on level 10 of the Dungeon.
             The game lasted 00:17:56 (9547 turns).

protoss039 the Protected (Gargoyle Fighter)         Turns: 9547, Time: 00:17:57

Health: -7/65      AC: 26    Str: 29    XL:     10   Next: 68%
Magic:  14/14      EV:  9    Int: 10    God:    Okawaru [***...]
Gold:   475        SH:  7    Dex:  9    Spells: 9/9 levels left

rFire   . . .      SeeInvis .   l - +2 war axe (vorpal)
rCold   . . .      Faith    .   c - +0 buckler
rNeg    + . .      Spirit   .   h - +0 plate armour
rPois   ∞          Reflect  .   s - +0 helmet
rElec   +          Harm     .   (no cloak)
rCorr   .          Rampage  .   (no gloves)
Will    .....                   i - +0 pair of boots
Stlth   ..........              k - amulet of regeneration
HPRegen 1.00/turn               d - +6 ring of strength
MPRegen 0.14/turn               (no ring)

@: heroic
A: sickness immunity, AC +7, negative energy resistance 1, electricity
resistance, torment resistance 1, petrification resistance
a: Renounce Religion, Heroism


You were on level 10 of the Dungeon.
You worshipped Okawaru.
Okawaru was most pleased with you.
You visited 2 branches of the dungeon, and saw 11 of its levels.
You also visited: Sewer and Ossuary.

You collected 475 gold pieces.

Inventory:

Hand Weapons
 a - a +2 hand axe of flaming
 b - a +0 war axe of electrocution
 f - the +11 whip "Eviscerator" {drain, rElec Str-4 SInv}
   (You found it on level 9 of the Dungeon)

   A truly terrible weapon, it drains the life of any living foe it strikes.
   Str:       It affects your strength (-4).
   rElec:     It insulates you from electricity.
   SInv:      It lets you see invisible.
 l - a +2 vorpal war axe (weapon)
 w - a +3 morningstar
Missiles
 m - 6 javelins (quivered)
Armour
 c - a +0 buckler (worn)
 h - a +0 plate armour (worn)
 i - a +0 pair of boots (worn)
 s - a +0 helmet (worn)
Jewellery
 d - a +6 ring of strength (left hand)
 j - an amulet of reflection
 k - an amulet of regeneration (around neck)
Wands
 p - a wand of paralysis (9)
 I - a wand of digging (7)
Scrolls
 e - 7 scrolls of teleportation
 g - 2 scrolls of blinking
 n - a scroll of identify
 o - 3 scrolls of immolation
 r - 2 scrolls of amnesia
 t - 3 scrolls of silence
 u - a scroll of fear {unknown}
 v - 3 scrolls of enchant weapon
 x - a scroll of summoning {unknown}
 y - 3 scrolls of fog
 G - a scroll of brand weapon {unknown}
 J - a scroll of magic mapping {unknown}
 K - a scroll of holy word {unknown}
Potions
 q - a potion of lignification {unknown}
 z - a potion of flight {unknown}
 A - a potion of mutation {unknown}
 B - 3 potions of haste
 C - a potion of might
 D - a potion of brilliance {unknown}
 E - a potion of invisibility {unknown}
 H - a potion of cancellation {unknown}
 L - a potion of magic {unknown}


   Skills:
 + Level 8.5(13.5) Fighting
 + Level 7.5(12.5) Maces & Flails
 + Level 8.5(13.5) Armour
 + Level 8.5(13.5) Shields
 * Level 6.5 Invocations


You had 9 spell levels left.
You didn't know any spells.
Your spell library contained the following spells:

 Spells                   Type           Power      Damage    Failure   Level
 Beastly Appendage        Tmut           0%         N/A       95%         1
 Freeze                   Ice            0%         1d3       95%         1
 Corpse Rot               Necr/Air       0%         N/A       99%         2
 Ensorcelled Hibernation  Hex/Ice        0%         N/A       99%         2
 Passwall                 Tmut/Erth      0%         N/A       99%         2
 Wereblood                Tmut           0%         N/A       99%         2
 Frozen Ramparts          Ice            0%         1d2       100%        3
 Ignite Poison            Fire/Tmut/Pois 0%         N/A       100%        3
 Mephitic Cloud           Conj/Pois/Air  0%         N/A       100%        3
 Portal Projectile        Hex/Tloc       0%         N/A       100%        3
 Spider Form              Tmut/Pois      0%         N/A       100%        3
 Swiftness                Air            0%         N/A       100%        3
 Anguish                  Hex/Necr       0%         N/A       100%        4
 Dispel Undead            Necr           0%         3d6       100%        4
 Hailstorm                Conj/Ice       0%         3d3       100%        4
 Passage of Golubria      Tloc           0%         N/A       100%        4
 Blade Hands              Tmut           0%         N/A       100%        5
 Excruciating Wounds      Necr           0%         N/A       100%        5
 Freezing Cloud           Conj/Ice/Air   0%         6-21      100%        5
 Silence                  Hex/Air        0%         N/A       100%        5
 Enfeeble                 Hex            0%         N/A       100%        7
 Lehudib's Crystal Spear  Conj/Erth      0%         10d2      100%        8
 Polar Vortex             Ice            0%         N/A       100%        9
 Tukima's Dance           Hex            Unusable   N/A       N/A         3
 Death Channel            Necr           Unusable   N/A       N/A         6
 Simulacrum               Ice/Necr       Unusable   N/A       N/A         6

Dungeon Overview and Level Annotations

Branches:
Dungeon (10/15)            Temple (1/1) D:6             Orc (0/2) D:10
  Sewer (visited)         Ossuary (visited)
   Lair: D:8-11

Altars:
Ashenzari
Cheibriados
Dithmenos
Elyvilon
Fedhas
Gozag
Hepliaklqana
Kikubaaqudgha
Makhleb
Nemelex Xobeh
Okawaru
Qazlal
Ru
Sif Muna
Trog
Uskayaw
Vehumet
Wu Jian
Xom
Yredelemnul
Zin
The Shining One

Shops:
D:6 !

Annotations:
D:10 Grum


Innate Abilities, Weirdness & Mutations

You are immune to sickness and miasma.
Your stone body is resilient. (AC +7)
You are immune to poison.
You resist negative energy. (rN+)
You are resistant to electric shocks. (rElec)
You are resistant to unholy torment.
You are immune to petrification.


Message History

Unknown command.
Unknown command.
You hit the catoblepas but do no damage.
The catoblepas is heavily wounded.
You barely miss the centaur.
The helpless ogre zombie fails to defend itself.
You slash the ogre zombie!
The centaur hits you but does no damage.
The centaur barely misses you. The catoblepas gores you.
* * * LOW HITPOINT WARNING * * *
Unknown command.
Unknown command.
You slash the catoblepas!
The catoblepas is severely wounded.
The helpless ogre zombie fails to defend itself.
You slice the ogre zombie!!
You destroy the ogre zombie!
Okawaru accepts your kill.
You hit the centaur but do no damage.
The troll zombie is no longer petrified.
The orc zombie is no longer petrified.
The centaur closely misses you.
The centaur kicks you but does no damage.
The catoblepas gores you but does no damage.
The centaur hits you but does no damage.
The centaur closely misses you.
You hit the catoblepas but do no damage.
The catoblepas is severely wounded.
You hit the ogre zombie. You barely miss the centaur.
The centaur hits you but does no damage.
The centaur closely misses you.
The catoblepas breathes a plume of calcifying dust at you.
The blast of calcifying dust hits you but does no damage.
The ogre zombie hits you.
* * * LOW HITPOINT WARNING * * *
The centaur hits you but does no damage.
The centaur barely misses you.
Unknown command.
Unknown command.
The catoblepas gores you!
You die...

#†.....# ######.##
.......# #........
#......# #.#######
#.###.## # # #.# #.
##..# ## ######.# #.# ##
#.g### Z. ###......###.#
#.#h.#.# ##.#...##...#.#
#.h.#..###.Z§...#.##...#
###.h.o..#.#§@#.#...##.#
#..##..#.#ZcYZ##.#.###.#
##..#..#..>.#ZZ#§##.##.#
..##..(...#..#..##.##.#
#.##..#.#...#..##.#.##.#
$# #.#.....#..#..#$#.#
## #...#.#.#.....###.#
..##..#...##.#$# ##(
#.##.##..###


You could see a catoblepas, a centaur, a hobgoblin zombie, an orc zombie, an
ogre zombie and 2 troll zombies.

Vanquished Creatures
  A manticore (D:9)
  A hornet (D:5)
  A shadow (D:10)
  4 yaks
  2 wyverns
  A steam dragon (D:7)
  Duvessa (D:6)
  An orc warrior (D:8)
  2 ogres
  The ghost of zielscheibe the Insei, an amateur DsTm of Cheibriados (D:3)
  3 centaurs
  A wolf (D:10)
  4 phantoms
  3 kobold brigands
  Blork the orc (D:5)
  4 bullfrogs
  A wyvern zombie (D:7)
  A water moccasin zombie (D:5)
  Dowan (D:6)
  2 water moccasin skeletons
  9 wights (D:8)
  6 killer bees (D:9)
  An electric eel (D:8)
  5 centaur zombies
  A hound (D:5)
  A gnoll shaman (D:4)
  2 orc priests
  2 jellies
  A bullfrog skeleton (D:6)
  Jessica (D:3)
  9 orc wizards
  Natasha (thrice) (D:3)
  An iguana (D:5)
  2 ogre zombies (D:10)
  A mummy (Ossuary)
  13 adders
  6 gnolls
  5 river rats (Sewer)
  A shadow imp (D:7)
  An ufetubus (D:6)
  3 dart slugs
  34 orcs
  A spectral bat (Ossuary)
  11 ball pythons
  6 bats
  8 endoplasms
  5 giant cockroaches
  12 gnoll zombies (Ossuary)
  5 goblins
  11 hobgoblins
  13 jackals
  29 kobolds
  9 quokkas
  5 bat simulacra (Ossuary)
  3 frilled lizards
  4 goblin simulacra (Ossuary)
  5 goblin zombies (Ossuary)
  8 hobgoblin zombies
  2 kobold simulacra (Ossuary)
  2 kobold zombies (Ossuary)
  An orc skeleton (D:10)
  12 orc zombies
  31 rats
  3 rat simulacra (Ossuary)
  A spectral goblin (Ossuary)
  6 spectral kobolds (Ossuary)
  4 spectral rats (Ossuary)
341 creatures vanquished.

Vanquished Creatures (others)
  A kobold (D:6)
  2 orc zombies (D:10)
  2 plants (D:8)
5 creatures vanquished.

Grand Total: 346 creatures vanquished

Notes
Turn   | Place    | Note
-------+----------+-------------------------------------------
     0 | D:1      | protoss039 the Gargoyle Fighter began the quest for the
                  | Orb.
     0 | D:1      | Reached XP level 1. HP: 14/14 MP: 1/1
   279 | D:1      | Reached XP level 2. HP: 18/19 MP: 2/2
  1049 | D:2      | Reached XP level 3. HP: 23/23 MP: 3/3
  1239 | D:2      | Reached XP level 4. HP: 21/29 MP: 4/4
  1789 | D:3      | Noticed Natasha
  1797 | D:3      | Killed Natasha
  1798 | D:3      | Reached XP level 5. HP: 33/33 MP: 5/5
  1818 | D:3      | Noticed Natasha
  1826 | D:3      | Killed Natasha
  1846 | D:3      | You fall into a shaft and drop 1 floor!
  1846 | D:4      | Noticed an ogre
  1883 | D:4      | Killed an ogre
  1884 | D:4      | Reached XP level 6. HP: 39/39 MP: 6/6
  1910 | D:4      | Reached skill level 5 in Fighting
  1910 | D:4      | Reached skill level 5 in Shields
  1933 | D:4      | Reached skill level 5 in Armour
  1937 | D:4      | Reached XP level 7. HP: 38/44 MP: 7/7
  2802 | D:3      | Found a runed translucent gate.
  2802 | D:3      | Found a runed translucent gate.
  2802 | D:3      | Found a runed translucent gate.
  2802 | D:3      | Noticed zielscheibe's ghost (amateur DsTm)
  2932 | D:3      | Identified the +3 short sword "Citau" {antimagic, Drain
                  | SInv Stlth+}
  2979 | D:3      | Noticed Jessica
  2982 | D:3      | Killed Jessica
  3004 | D:3      | Noticed Natasha
  3020 | D:3      | Killed Natasha
  3149 | D:3      | Found a sparkling altar of Nemelex Xobeh.
  3150 | D:3      | Found a basalt altar of Yredelemnul.
  3452 | D:5      | Entered Level 5 of the Dungeon
  3518 | D:5      | Reached XP level 8. HP: 47/51 MP: 8/8
  3664 | D:5      | Noticed Blork the orc
  3671 | D:5      | Killed Blork the orc
  3672 | D:5      | Reached skill level 5 in Maces & Flails
  3834 | D:5      | Noticed a hornet
  3855 | D:5      | Killed a hornet
  4137 | D:6      | Noticed Duvessa
  4137 | D:6      | Noticed Dowan
  4139 | D:6      | Killed Duvessa
  4144 | D:6      | Killed Dowan
  4207 | D:6      | Found a glowing drain.
  4228 | Sewer    | Entered a sewer
  4438 | Sewer    | Reached XP level 9. HP: 56/56 MP: 9/9
  5008 | D:6      | Found Uwnodooh's Distillery.
  5133 | D:6      | Found a staircase to the Ecumenical Temple.
  5189 | Temple   | Entered the Ecumenical Temple
  5399 | Temple   | Became a worshipper of Warmaster Okawaru
  5995 | D:7      | Found a burning altar of Makhleb.
  6002 | D:7      | Reached skill level 1 in Invocations
  6911 | D:3      | Killed zielscheibe's ghost
  7121 | D:8      | Reached * piety under Okawaru
  7219 | D:8      | Found a sand-covered staircase.
  7223 | Ossuary  | Entered an ossuary
  7984 | D:8      | Found an ornate altar of the Wu Jian Council.
  8133 | D:8      | Reached ** piety under Okawaru
  8134 | D:8      | Reached XP level 10. HP: 56/64 MP: 13/13
  8428 | D:8      | Reached skill level 5 in Invocations
  8779 | D:9      | Identified the +11 whip "Eviscerator" {drain, rElec Str-4
                  | SInv}
  8834 | D:9      | Noticed a manticore
  8840 | D:9      | Killed a manticore
  8840 | D:9      | Reached *** piety under Okawaru
  9195 | D:10     | Entered Level 10 of the Dungeon
  9384 | D:10     | Noticed Grum
  9403 | D:10     | Found a staircase to the Orcish Mines.
  9501 | D:10     | Noticed a catoblepas
  9547 | D:10     | Mangled by a catoblepas

Illustrated notes

Levels and vault maps discovered:
D:1:      lemuel_arrival_funnel, layout_basic
D:2:      layout_rooms
D:3:      minmay_chambers_of_twos, layout_basic, nicolae_overflow_squiral,
          ebering_ghost_rock_garden, serial_glass, glass_columns_c,
          glass_columns_a, feat_on_display, minmay_strange_pillars,
          feat_on_display, feat_on_display, serial_park_tiny_pond, uniq_jessica,
          uniq_natasha
D:4:      layout_basic
D:5:      layout_layer_cave, uniq_blork_the_orc
D:6:      layout_loops_corners, minmay_temple_entry_grid, gup_sewer_entry_pipe,
          serial_shops, nicolae_lakefront_shop, kennysheep_generic_room_4,
          uniq_duvessa
D:7:      layout_basic, mainiacjoe_overflow_brackets
D:8:      layout_loops_corners, nicolae_overflow_crystal_walls, enter_ossuary_5,
          serial_glass, glass_columns_c, glass_columns_b, glass_columns_b,
          glass_columns_a, glass_columns_a, minmay_misc_feat_nine_boxes,
          serial_bayou_pond_c, minmay_holes
D:9:      layout_basic, dk_rats_in_the_wall
D:10:     layout_basic, zombieorc1_lemuel, uniq_grum
Temple:   eino_narrow_crystal_temple

Skill      XL: |  1  2  3  4  5  6  7  8  9 10 |
---------------+-------------------------------+-----
Fighting       | 4 5 6 7 8 |  8.5
Armour         | 4 5 6 7 8 |  8.5
Shields        | 4 5 6 7 8 |  8.5
Maces & Flails | 3 4 5 6 7 |  7.5
Invocations    | 4 6 |  6.5

Action                   |  1- 3 |  4- 6 |  7- 9 | 10-12 || total
-------------------------+-------+-------+-------+-------++-------
Melee: Flail             |   118 |    26 |       |       ||   144
       War axe           |       |    54 |   432 |   134 ||   620
       Hand axe          |       |       |   154 |       ||   154
       Morningstar       |       |       |    29 |    30 ||    59
Invok: Heroism           |       |       |       |     2 ||     2
  Use: Potion            |       |     1 |       |     3 ||     4
       Scroll            |       |       |    10 |     3 ||    13
 Stab: Petrified         |       |       |       |    15 ||    15
       Petrifying        |       |       |       |     2 ||     2
Armor: Scale mail        |    40 |       |       |       ||    40
       Plate armour      |    95 |    72 |   476 |   176 ||   819
Dodge: Dodged            |    65 |    24 |   192 |    99 ||   380
Block: Buckler           |    41 |    20 |   166 |    74 ||   301
